 Dungeon Crawl Stone Soup version 0.28-a0-895-g6e5f11bd55 (webtiles) character file.

Game seed: 11613004210978519526

26610 frimble the Slicer (level 12, -13/118 HPs)
             Began as a Troll Warper on Nov 23, 2021.
             Was a Follower of Cheibriados.
             Mangled by a caustic shrike simulacrum (35 damage)
             ... in an ice cave.
             The game lasted 00:27:48 (12137 turns).

frimble the Slicer (Troll Warper)                  Turns: 12137, Time: 00:27:48

Health: -13/118    AC: 13    Str: 31    XL:     12   Next: 99%
Magic:  23/23      EV:  9    Int: 21    God:    Cheibriados [*.....]
Gold:   1636       SH: 10    Dex: 12    Spells: 11/13 levels left

rFire   . . .      SeeInvis .   b - +6 rapier (vorpal)
rCold   . . .      Faith    .   a - +0 kite shield
rNeg    . . .      Spirit   .   H - +0 troll leather armour
rPois   .          Reflect  .   k - +3 hat of Pondering {ponderous, Will+ MP+10 Int+5}
rElec   .          Harm     .   (no cloak)
rCorr   .          Rampage  .   (gloves unavailable)
Will    +....                   (boots unavailable)
Stlth   +.........              K - amulet of regeneration
HPRegen 3.29/turn               n - +4 ring of protection
MPRegen 0.18/turn               o - +6 ring of strength

@: very slow
A: large, unfitting armour, claws 3, regeneration 1, shaggy fur 1, tough skin 1
a: Renounce Religion, Bend Time


You were in an ice cave.
You worshipped Cheibriados.
Cheibriados was aware of your devotion.
You visited 2 branches of the dungeon, and saw 15 of its levels.
You also visited: Sewer and Ice Cave.

You collected 1636 gold pieces.

Inventory:

Hand Weapons
 b - a +6 vorpal rapier (weapon)
 q - a +5 dagger of freezing
Missiles
 d - 8 boomerangs of dispersal
 g - 91 poisoned darts
 l - 2 silver javelins (quivered)
 r - 2 boomerangs
 v - 2 javelins
 x - 10 large rocks
 y - 11 curare-tipped darts
Armour
 a - a +0 kite shield (worn)
 f - +0 swamp dragon scales
 k - the +3 hat of Pondering (worn) {ponderous, Will+ MP+10 Int+5}
   (You took it off Gastronok on level 8 of the Dungeon)

   Int:       It affects your intelligence (+5).
   MP:        It affects your magic capacity (+10).
   Will:      It increases your willpower.
 E - a +2 robe of cold resistance
 H - a +0 troll leather armour (worn)
Jewellery
 n - a +4 ring of protection (left claw)
 o - a +6 ring of strength (right claw)
 D - a ring of fire
 K - an amulet of regeneration (around neck)
Wands
 B - a wand of digging (7)
 C - a wand of iceblast (7)
Scrolls
 j - 2 scrolls of teleportation
 t - a scroll of amnesia
 A - a scroll of silence
 G - a scroll of identify
Potions
 e - 3 potions of flight
 h - 4 potions of curing
 i - 2 potions of invisibility
 m - 2 potions of brilliance
 p - 3 potions of lignification
 s - a potion of heal wounds
 u - 3 potions of attraction
 z - a potion of might
 F - a potion of mutation {unknown}
Miscellaneous
 I - a phantom mirror
 J - a lightning rod (3/4)


   Skills:
 - Level 7.0 Fighting
 * Level 13.0 Short Blades
 + Level 3.6 Throwing
 - Level 2.1 Armour
 - Level 2.0 Dodging
 - Level 8.2 Shields
 - Level 1.3 Spellcasting
 - Level 6.5 Translocations
 - Level 2.1 Evocations


You had 11 spell levels left.
You knew the following spells:

 Your Spells              Type           Power      Damage    Failure   Level
a - Blink                 Tloc           56%        N/A       2%          2

Your spell library contained the following spells:

 Spells                   Type           Power      Damage    Failure   Level
 Gell's Gravitas          Tloc           28%        N/A       4%          3
 Lesser Beckoning         Tloc           28%        N/A       4%          3
 Teleport Other           Tloc           28%        N/A       4%          3
 Ensorcelled Hibernation  Hex/Ice        2%         N/A       30%         2
 Manifold Assault         Tloc           28%        N/A       36%         5
 Iskenderun's Mystic Bla  Conj/Tloc      15%        2d5       47%         4
 Dazzling Flash           Conj/Hex       2%         N/A       52%         3
 Ozocubu's Armour         Ice            1%         N/A       52%         3
 Tukima's Dance           Hex            1%         N/A       52%         3
 Starburst                Conj/Fire      0%         6d3       100%        6
 Ozocubu's Refrigeration  Ice            0%         4d5       100%        7
 Borgnjor's Revivificati  Necr           0%         N/A       100%        8
 Necromutation            Tmut/Necr      0%         N/A       100%        8
 Death's Door             Necr           0%         N/A       100%        9


Dungeon Overview and Level Annotations

Branches:
Dungeon (14/15)            Temple (0/1) D:7            Lair (3/6) D:9
 Spider (0/4) Lair:3        Sewer (visited)           IceCv (1/1)
  Swamp: Lair:2-4    Shoals: Lair:2-4       Orc: D:9-12      Vaults: D:13-14

Altars:
Cheibriados
Elyvilon
Hepliaklqana
Kikubaaqudgha
Okawaru
Qazlal
Sif Muna
Trog
Uskayaw
Vehumet
Xom
Zin
The Shining One

Shops:
D:1 *   D:4 (   D:10 (   D:14 (

Annotations:
D:10 3 runed translucent doors, jr88keys's ghost, novice MiBe


Innate Abilities, Weirdness & Mutations

You are too large for most types of armour.
You have claws for hands.
Your natural rate of healing is unusually fast.
You are covered in fur. (AC +1)
You have tough skin. (AC +1)


Message History

Aim: a harpy simulacrum (severely damaged, 79% to hit)
You throw a silver javelin.
The silver javelin pierces through the harpy simulacrum!
The harpy simulacrum vaporises!
Cheibriados thoroughly appreciates the change of pace.
The silver javelin misses the caustic shrike simulacrum.
The silver javelin pierces through the anaconda simulacrum but does no damage.
The anaconda simulacrum is lightly damaged.
The silver javelin closely misses the anaconda simulacrum.
Throw: 3 javelins (silver)
Press: ? - help, Q - select action, (/) - cycle Shift-Dir - straight line, f - caustic shrike simulacrum
Aim: a caustic shrike simulacrum (freezing vapour, 51% to hit)
You throw a silver javelin.
The silver javelin pierces through the caustic shrike simulacrum!!
The caustic shrike simulacrum is moderately damaged.
The silver javelin pierces through the anaconda simulacrum!
The anaconda simulacrum is heavily damaged.
The silver javelin closely misses the anaconda simulacrum.
You block the caustic shrike simulacrum's attack.
The caustic shrike simulacrum claws you but does no damage.
The caustic shrike simulacrum claws you!
* * * LOW HITPOINT WARNING * * *
The caustic shrike simulacrum freezes you!!
* * * LOW HITPOINT WARNING * * *
You feel much better.
You block the caustic shrike simulacrum's attack.
Aiming: Thunderbolt
Press: ? - help, Shift-Dir - straight line, f/p - caustic shrike simulacrum
Aim: a caustic shrike simulacrum (freezing vapour, moderately damaged)
The thunderbolt hits the caustic shrike simulacrum.
The caustic shrike simulacrum is heavily damaged.
The thunderbolt hits the anaconda simulacrum!!
The anaconda simulacrum vaporises!
Cheibriados thoroughly appreciates the change of pace.
The thunderbolt hits the anaconda simulacrum!
The anaconda simulacrum is moderately damaged.
The caustic shrike simulacrum claws you!
* * * LOW HITPOINT WARNING * * *
The caustic shrike simulacrum freezes you!!
You die...

####### #.....##
#......## Z
######.......#ZZ.Z
#@Z○Z..∩Z.ZZZ.Z...
######.......#Z...
#......## Z
#.....## #######


You could see an anaconda simulacrum, a golden dragon simulacrum and a caustic
shrike simulacrum.

Vanquished Creatures
  Gastronok (D:8)
  Fannar (D:10)
  2 hydras (Lair:1)
  A two-headed ogre (D:11)
  A centaur warrior (D:11)
  3 death yaks
  Sonja (D:10)
  A wizard (D:14)
  The ghost of avis the Cleaver, a novice HOMo of Beogh (D:5)
  A deep elf pyromancer (D:11)
  2 ugly things (D:11)
  A manticore (D:11)
  5 elephants (Lair:2)
  3 black mambas
  A rime drake (Lair:2)
  4 cane toads
  4 komodo dragons
  2 tengu conjurers (D:14)
  An anaconda simulacrum (IceCv)
  2 trolls (D:11)
  4 blink frogs (Lair:2)
  2 shadows
  3 wraiths
  A steam dragon (D:9)
  9 yaks
  2 basilisks (Lair:3)
  A wyvern (Lair:3)
  Menkaure (D:6)
  A harpy simulacrum (IceCv)
  Edmund (D:6)
  2 water moccasins
  5 orc warriors
  An ice beast (shapeshifter) (D:11)
  2 black bears (D:7)
  2 necrophages
  3 ogres
  8 wolves
  A centaur (D:11)
  A phantom (D:6)
  4 kobold brigands
  8 bullfrogs
  A water moccasin zombie (D:7)
  A wyvern zombie (D:7)
  A scorpion (D:5)
  A water moccasin skeleton (D:5)
  5 killer bees
  8 wights
  7 crimson imps (D:7)
  7 centaur zombies
  2 hounds
  4 orc priests
  A gnoll shaman (D:9)
  Ijyb (D:4)
  4 iguanas
  11 orc wizards
  A scorpion zombie (D:5)
  A killer bee zombie (D:7)
  2 howler monkey zombies
  Robin (D:3)
  10 gnolls
  5 adders
  A river rat (D:5)
  2 shadow imps
  4 white imps (D:7)
  2 worms
  2 dart slugs (D:3)
  20 orcs
  5 bats
  A bat zombie (D:6)
  2 endoplasms
  6 giant cockroaches
  14 goblins
  11 hobgoblins
  9 jackals
  26 kobolds
  2 quokkas
  5 ball pythons
  3 frilled lizards
  5 rats
294 creatures vanquished.

Vanquished Creatures (collateral kills)
  A hydra (Lair:1)
  A death yak (D:9)
  A cane toad (Lair:3)
  Grinder (D:6)
  A yak (D:9)
  A gnoll sergeant (D:5)
  2 killer bees (D:10)
  An orc priest (D:10)
  An orc wizard (D:10)
  5 gnolls
  An adder (D:5)
  3 orcs (D:10)
  A quokka (D:5)
20 creatures vanquished.

Vanquished Creatures (others)
  A yak (D:9)
  An orc warrior (D:10)
  A bullfrog (D:6)
  A gnoll (D:9)
  An adder (D:5)
  A fungus (Lair:1)
  5 plants
11 creatures vanquished.

Grand Total: 325 creatures vanquished

Notes
Turn   | Place    | Note
-------+----------+-------------------------------------------
     0 | D:1      | frimble the Troll Warper began the quest for the Orb.
     0 | D:1      | Reached XP level 1. HP: 19/19 MP: 1/1
   129 | D:1      | Found Gollaoss's General Store.
   130 | D:1      | Found a faded altar of an unknown god.
   136 | D:1      | Reached skill level 1 in Throwing
   271 | D:1      | Reached XP level 2. HP: 28/28 MP: 2/2
  1223 | D:2      | Reached XP level 3. HP: 34/35 MP: 4/4
  1248 | D:2      | Reached skill level 2 in Short Blades
  1805 | D:3      | Noticed Robin
  1827 | D:2      | Reached skill level 1 in Armour
  1912 | D:3      | Reached XP level 4. HP: 38/42 MP: 5/5
  1958 | D:3      | Killed Robin
  2119 | D:3      | Found an iron altar of Okawaru.
  2408 | D:4      | Noticed Ijyb
  2424 | D:4      | Killed Ijyb
  2425 | D:4      | Reached XP level 5. HP: 50/50 MP: 6/6
  2702 | D:4      | Found Bovvomp's Antique Weapon Boutique.
  2916 | D:5      | Entered Level 5 of the Dungeon
  2920 | D:5      | Found a glowing drain.
  2943 | D:5      | Reached skill level 1 in Evocations
  2943 | D:5      | Reached XP level 6. HP: 59/59 MP: 7/7
  2954 | Sewer    | Entered a sewer
  2984 | Sewer    | Learned a level 2 spell: Blink
  3024 | Sewer    | Noticed a water moccasin
  3044 | Sewer    | Killed a water moccasin
  3045 | Sewer    | Reached skill level 3 in Short Blades
  3192 | D:5      | Reached XP level 7. HP: 48/67 MP: 8/8
  3250 | D:5      | Found a runed translucent gate.
  3434 | D:5      | Reached skill level 1 in Shields
  3622 | D:5      | Found a runed translucent gate.
  3622 | D:5      | Found a runed translucent gate.
  3625 | D:5      | Noticed avis's ghost (novice HOMo)
  3729 | D:6      | Reached skill level 4 in Short Blades
  3729 | D:6      | Reached XP level 8. HP: 55/78 MP: 9/9
  3923 | D:6      | Noticed Edmund
  3932 | D:6      | Noticed Menkaure
  3938 | D:6      | Noticed Grinder
  3946 | D:6      | Killed Menkaure
  3962 | D:6      | Killed Grinder
  4068 | D:6      | Killed Edmund
  4069 | D:6      | Reached skill level 5 in Short Blades
  4092 | D:6      | Reached skill level 5 in Translocations
  4183 | D:6      | Found an ancient bone altar of Kikubaaqudgha.
  4481 | D:6      | Reached XP level 9. HP: 65/84 MP: 10/10
  4585 | D:7      | Found a staircase to the Ecumenical Temple.
  4612 | D:7      | Found a white marble altar of Elyvilon.
  4973 | D:7      | Reached skill level 6 in Short Blades
  5108 | D:7      | Found a hazy altar of Hepliaklqana.
  5429 | D:8      | Found a snail-covered altar of Cheibriados.
  5524 | D:8      | Reached skill level 5 in Shields
  5535 | D:8      | Noticed Gastronok
  5752 | D:9      | Reached XP level 10. HP: 32/85 MP: 11/11
  5809 | D:9      | Noticed a death yak
  6077 | D:9      | Found a staircase to the Lair.
  6088 | D:9      | Noticed a death yak
  6101 | D:9      | Noticed a death yak
  6101 | D:9      | Noticed a death yak
  6103 | D:9      | Killed a death yak
  6104 | D:9      | Reached skill level 7 in Short Blades
  6104 | D:9      | Noticed a death yak
  6110 | D:9      | Killed a death yak
  6202 | D:10     | Entered Level 10 of the Dungeon
  6221 | D:10     | Noticed Sonja
  6461 | D:10     | Found Momasak's Antique Weapon Shoppe.
  6470 | D:10     | Found a runed translucent gate.
  6471 | D:10     | Noticed a wolf spider
  6472 | D:10     | Found a runed translucent gate.
  6473 | D:10     | Found a runed translucent gate.
  6489 | D:10     | Noticed Fannar
  6566 | Lair:1   | Entered Level 1 of the Lair of Beasts
  6606 | D:9      | Reached skill level 8 in Short Blades
  7206 | Lair:1   | Noticed a black mamba
  7229 | Lair:1   | Killed a black mamba
  7230 | Lair:1   | Reached XP level 11. HP: 26/100 MP: 12/12
  7461 | Lair:1   | Noticed a five-headed hydra
  7511 | Lair:1   | Killed a five-headed hydra
  7604 | Lair:1   | Reached skill level 9 in Short Blades
  7806 | Lair:1   | Noticed a four-headed hydra
  7888 | Lair:1   | Killed a four-headed hydra
  8411 | Lair:2   | Noticed a four-headed hydra
  8429 | Lair:1   | Killed a four-headed hydra
  8430 | Lair:1   | Reached skill level 5 in Fighting
  8733 | Lair:2   | Reached skill level 10 in Short Blades
  8784 | Lair:2   | Identified a scroll of acquirement
  8784 | Lair:2   | Acquired 440 gold pieces
  9650 | Lair:2   | Reached XP level 12. HP: 84/115 MP: 11/13
  9705 | Lair:3   | Found a hole to the Spider Nest.
 10076 | D:5      | Killed avis's ghost
 10313 | D:8      | Killed Gastronok
 10314 | D:8      | Reached skill level 11 in Short Blades
 10358 | D:8      | Became a worshipper of Cheibriados the Contemplative
 10493 | D:8      | Found a hide-covered altar of Uskayaw.
 10533 | D:8      | Killed a death yak
 10595 | D:9      | Killed a death yak
 10698 | D:10     | Acquired 452 gold pieces
 10706 | D:10     | Found a radiant altar of Vehumet.
 10707 | D:10     | Found a shimmering altar of Xom.
 10713 | D:10     | Found a stormy altar of Qazlal.
 10833 | D:10     | Killed Sonja
 10854 | D:10     | Noticed jr88keys's ghost (novice MiBe)
 11087 | D:10     | Killed Fannar
 11088 | D:10     | Reached skill level 12 in Short Blades
 11162 | D:10     | Found a glowing silver altar of Zin.
 11166 | D:10     | Found a bloodstained altar of Trog.
 11169 | D:10     | Found a shimmering blue altar of Sif Muna.
 11197 | D:10     | Found a glowing golden altar of the Shining One.
 11390 | D:11     | Noticed a centaur warrior
 11428 | D:11     | Reached * piety under Cheibriados
 11716 | D:11     | Noticed a two-headed ogre
 11726 | D:11     | Killed a two-headed ogre
 11744 | D:11     | Killed a centaur warrior
 11788 | D:11     | Identified the ring of Tosynan {rN+ Will- MP+9 Int+7}
 11987 | D:11     | You fall into a shaft and drop 3 floors!
 11993 | D:14     | Reached skill level 13 in Short Blades
 12060 | D:14     | Found Fiegug's Weapon Shoppe.
 12124 | D:14     | Found a frozen archway.
 12127 | IceCv    | Entered an ice cave
 12137 | IceCv    | Mangled by a caustic shrike simulacrum

Illustrated notes

Levels and vault maps discovered:
D:1:      erik_arrival_cave_to_civilisation [erik_arrival_cave_to_hall],
          layout_basic, serial_shops, shop, ebering_ecumenical_altar_mist
D:2:      layout_loops_ring
D:3:      layout_rooms, nicolae_overflow_crystal_walls, uniq_robin
D:4:      layout_basic, serial_shops, nicolae_diamond_shop, uniq_ijyb
D:5:      layout_cave_pools, cheibrodos_sewer_entry_sluice,
          ebering_ghost_rock_garden
D:6:      layout_cave_pools, lemuel_zombie_altar_kikubaaqudgha, uniq_edmund,
          uniq_menkaure, uniq_grinder
D:7:      layout_loops_ring, mainiacjoe_overflow_boulevard,
          lemuel_crystal_altar, minmay_temple_entry_gardened_gates,
          minmay_nine_imps
D:8:      layout_rooms, kennysheep_mini, nicolae_uskayaw_suspiria,
          hangedman_decor_lopped, uniq_gastronok
D:9:      layout_roguey, dpeg_lair_monsters
D:10:     layout_basic, mainiacjoe_overflow_six_doors_small,
          gammafunk_temple_overflow_forgotten, minmay_overflow_temple_star_quad,
          gammafunk_ghost_split, serial_shops, nicolae_shop_hallway_stairs,
          uniq_fannar, uniq_sonja
D:11:     wad_pebble_path, layout_loops_ring, minmay_mirror_moons_of_madness
D:14:     layout_basic, serial_shops, nicolae_shop_hallway_stairs,
          portal_ice_cave_entry_ugly_swarm, minmay_shattered_shrine
Lair:1:   layout_cave_pods
Lair:2:   layout_cave_pods, grunt_megastairs_1
Lair:3:   layout_gridlike, minmay_shoals_entry_hut, dummy_spider_entry,
          uniq_prince_ribbit2
IceCv:    ice_cave_statue_garden_chambered

Skill      XL: |  1  2  3  4  5  6  7  8  9 10 11 12 |
---------------+-------------------------------------+-----
Throwing       | 1 3 |  3.6
Dodging        | 2 |  2.0
Fighting       | 2 3 4 6 7 |  7.0
Short Blades   | 2 3 4 5 6 8 10 13 | 13.0
Armour         | 1 2 |  2.1
Translocations | 3 4 5 6 |  6.5
Evocations     | 1 2 |  2.1
Shields        | 1 3 5 7 8 |  8.2
Spellcasting   | |  1.3

Action                   |  1- 3 |  4- 6 |  7- 9 | 10-12 || total
-------------------------+-------+-------+-------+-------++-------
Melee: Short sword       |   201 |       |       |       ||   201
       Rapier            |    38 |   207 |   311 |   904 ||  1460
       Dagger            |       |       |   253 |    77 ||   330
Throw: Dart              |       |     8 |    31 |    28 ||    67
       Javelin           |       |       |       |     7 ||     7
       Boomerang         |       |       |       |     6 ||     6
 Cast: Blink             |       |       |     1 |     7 ||     8
Evoke: Wand              |       |     1 |    10 |    11 ||    22
       Lightning rod     |       |       |       |     1 ||     1
  Use: Scroll            |     4 |     5 |     6 |    19 ||    34
       Potion            |       |     3 |       |     8 ||    11
 Stab: Distracted        |       |       |       |     1 ||     1
Armor: Robe              |    10 |       |       |       ||    10
       Swamp dragon scal |   110 |   151 |   358 |   390 ||  1009
       Skin              |       |       |       |    32 ||    32
       Troll leather arm |       |       |       |    18 ||    18
Dodge: Dodged            |   100 |   127 |   258 |   291 ||   776
Block: Kite shield       |       |       |       |   337 ||   337

Table legend: (Time is in decaauts)
 A = Elapsed time spent in this place.
 B = Non-inter-level travel time spent in this place.
 C = Inter-level travel time spent in this place.
 D = Time resting spent in this place.
 E = Time spent auto-exploring this place.
 F = Levels seen in this place.
 G = Mean time per level.
                   A        B        C        D        E       F      G
               +--------+--------+--------+--------+--------+-----+--------+
         Total |  12415 |  11743 |    672 |     58 |   8058 |  17 |  730.3 |
       Dungeon |   9312 |   8755 |    557 |     58 |   5838 |  12 |  776.0 |
          Lair |   2920 |   2806 |    114 |      0 |   2124 |   3 |  973.3 |
         Sewer |    170 |    170 |      0 |      0 |     96 |   1 |  170.0 |
      Ice Cave |     11 |     11 |      0 |      0 |      0 |   1 |   11.0 |
               +--------+--------+--------+--------+--------+-----+--------+

Top non-repeatable levels by time:
  Lair:1: 1507 daAuts
     D:9: 1157 daAuts
  Lair:2: 1120 daAuts
     D:1: 1085 daAuts
    D:10: 1066 daAuts
     D:7: 882 daAuts
     D:6: 859 daAuts
    D:11: 835 daAuts
     D:2: 712 daAuts
     D:8: 707 daAuts
     D:5: 686 daAuts
     D:3: 594 daAuts
     D:4: 539 daAuts
  Lair:3: 293 daAuts
    D:14: 184 daAuts
